 Dungeon Sprint DCSS version 0.28-a0-1199-gef9e1dbd39 (webtiles) character file.

Game seed: 14653944267832490100

92 rocky1 the Carver (level 4, 0/36 HPs)
             Began as a Demonspawn Fighter on Dec 19, 2021.
             Slain by a rust devil (5 damage)
             ... summoned by a kobold demonologist
             ... in the Dungeon (Sprint III: "The Ten Rune Challenge").
             The game lasted 00:02:16 (789 turns).

rocky1 the Carver (Demonspawn Fighter)               Turns: 789, Time: 00:02:17

Health: 0/36       AC:  7    Str: 20    XL:     4   Next: 35%
Magic:  4/4        EV:  9    Int: 10    God:
Gold:   21         SH:  4    Dex: 12    Spells: 3/3 levels left

rFire   . . .      SeeInvis .   a - +0 long sword
rCold   . . .      Faith    .   c - +0 buckler
rNeg    . . .      Spirit   .   b - +0 scale mail
rPois   +          Reflect  .   (no helmet)
rElec   .          Harm     .   (no cloak)
rCorr   .          Rampage  .   (no gloves)
Will    .....      NoTele   +   (no boots)
Stlth   ..........              (no amulet)
HPRegen 0.12/turn               (no ring)
MPRegen 0.09/turn               (no ring)

@: mighty
A: claws 1, rugged brown scales 1, poison resistance, strong 1
a: no special abilities


You were in the Dungeon.
You visited 1 branch You collected 21 gold pieces.

Inventory:

Hand Weapons
 a - a +0 long sword (weapon)
Armour
 b - a +0 scale mail (worn)
 c - a +0 buckler (worn)
Scrolls
 j - a scroll of blinking
 k - 2 scrolls of identify {unknown}
 l - 2 scrolls of holy word {unknown}
 m - a scroll of vulnerability {unknown}
 o - a scroll of fear {unknown}
Potions
 e - 2 potions of curing
 f - a potion of heal wounds
 g - 2 potions of mutation
 h - 2 potions of magic
 i - a potion of berserk rage
 n - 3 potions of flight


   Skills:
 - Level 3.0 Fighting
 + Level 8.1 Long Blades
 - Level 2.6 Armour
 - Level 2.6 Shields


You had 3 spell levels left.
You didn't know any spells.
Your spell library was empty.

Dungeon Overview and Level Annotations

Branches:
Dungeon (1/1)

Altars:
Kikubaaqudgha
Sif Muna
Vehumet


Innate Abilities, Weirdness & Mutations

You have sharp fingernails.
You are partially covered in rugged brown scales. (AC +1, +3% HP)
Your system is resistant to poisons. (rPois)
Your muscles are strong. (Str +2)


Message History

Unknown command.
There is an open door to the Ecumenical Temple here.
There is a fountain of clear blue water here.
There is a fountain of clear blue water here.
There is a fountain of clear blue water here.
You open the door.
A wizard comes into view. It is wielding a +0 dagger.
The wizard shouts!
You hear a shout!
The wizard casts a spell.
The wizard flickers and vanishes!
Deactivating autopickup; reactivate with Ctrl-A.
Found a book of Storms.
Found three altars.
A kobold demonologist comes into view. It is wielding a +0 dagger.
The kobold demonologist shouts!
The kobold demonologist casts a spell.
You hear some strange, mumbled words.
There is an open door here.
The kobold demonologist mumbles some strange words.
The white imp gestures at you. The puff of frost hits you.
The shadow imp hits you but does no damage.
You see here a book of Storms.
You hit the kobold demonologist.
The kobold demonologist is moderately wounded.
Something tries to affect you, but you resist.
The kobold demonologist casts a spell.
The iron imp shouts, "Flee, thou euchred kobold-kissing deadneck!"
The iron imp hits you. The sun demon closely misses you.
The white imp barely misses you.
The shadow imp hits you but does no damage.
You barely miss the kobold demonologist.
The kobold demonologist is moderately wounded.
The kobold demonologist closely misses you.
The iron imp closely misses you. The sun demon hits you.
You are engulfed in flames!
The white imp gestures at you. The puff of frost hits you!
* * * LOW HITPOINT WARNING * * *
The rust devil hits you.
You die...

###....♣.♣ ..# ..#....≈♣
♣♣♣.###+#+###+#
..#...≈≈♣♣♣.♣.#..........
..#..≈≈≈≈♣♣...'.⌠........
#'#..≈≈≈≈≈≈♣♣.#...######+
†.#.≈≈≈≈≈≈....#.⌠.#
..#.≈≈≈≈≈.....#...#
..#.≈≈≈.......#4###
###...........#3@K#
..............#555#
▓▓▓▓▓▓▓▓▓▓▓▓▓▓▓▓▓▓▓


You could see a sun demon (summoned), a rust devil (summoned), a kobold
demonologist, an iron imp (summoned), a white imp (summoned) and a shadow imp
(summoned).

Vanquished Creatures
  A water elemental (D)
  A human (D)
  A wolf (D)
  2 endoplasms (D)
  2 rats (D)
7 creatures vanquished.

Notes
Turn   | Place    | Note
-------+----------+-------------------------------------------
     0 | D        | rocky1 the Demonspawn Fighter began the quest for the Orb.
     0 | D        | Reached XP level 1. HP: 18/18 MP: 1/1
     6 | D        | Reached skill level 2 in Long Blades
    12 | D        | Reached skill level 3 in Long Blades
    80 | D        | Reached skill level 5 in Long Blades
    80 | D        | Gained mutation: You have sharp fingernails. [demonic
                  | ancestry]
    80 | D        | Reached XP level 2. HP: 7/24 MP: 2/2
   307 | D        | Reached skill level 6 in Long Blades
   307 | D        | Gained mutation: You are partially covered in rugged brown
                  | scales. (AC +1, +3% HP) [demonic ancestry]
   307 | D        | Reached XP level 3. HP: 8/29 MP: 3/3
   758 | D        | Gained mutation: Your muscles are strong. (Str +2) [potion
                  | of mutation]
   758 | D        | Gained mutation: Your system is resistant to poisons.
                  | (rPois) [potion of mutation]
   770 | D        | Noticed a water elemental
   775 | D        | Killed a water elemental
   776 | D        | Reached skill level 8 in Long Blades
   776 | D        | Reached XP level 4. HP: 36/36 MP: 4/4
   785 | D        | Found a radiant altar of Vehumet.
   785 | D        | Found a shimmering blue altar of Sif Muna.
   785 | D        | Found an ancient bone altar of Kikubaaqudgha.
   785 | D        | Noticed a wizard
   788 | D        | Noticed a sun demon
   789 | D        | Noticed a rust devil
   789 | D        | Slain by a rust devil

Illustrated notes

Levels and vault maps discovered:
D:        dungeon_sprint_mu [sprint_mu_entry_forest, sprint_mu_temple_rooms,
          sprint_mu_d1_spiders, sprint_mu_d2_genie, sprint_mu_d3_branching,
          sprint_mu_orc_legion, sprint_mu_elf_gauntlet, sprint_mu_hive_nellie,
          sprint_mu_lair_fedhas, sprint_mu_vaults_butterflies,
          sprint_mu_slime_circle, sprint_mu_swamp_cave, sprint_mu_shoals_archi,
          sprint_mu_blade_basic, sprint_mu_crypt_chambers,
          sprint_mu_tomb_spiral, sprint_mu_vestibule_basic,
          sprint_mu_gehenna_hellfire, sprint_mu_dis_giant,
          sprint_mu_tartarus_statrot, sprint_mu_cocytus_islands, sprint_mu_zot1]

Skill      XL: |  1  2  3 |
---------------+----------+-----
Long Blades    | 5 6 8 |  8.1
Fighting       | |  3.0
Armour         | |  2.6
Shields        | |  2.6

Action                   |  1- 3 |  4- 6 || total
-------------------------+-------+-------++-------
Melee: Long sword        |    37 |     2 ||    39
  Use: Potion            |     3 |       ||     3
Armor: Scale mail        |    10 |     2 ||    12
Dodge: Dodged            |    17 |     4 ||    21
Block: Buckler           |     7 |       ||     7

Table legend: (Time is in decaauts)
 A = Elapsed time spent in this place.
 B = Non-inter-level travel time spent in this place.
 C = Inter-level travel time spent in this place.
 D = Time resting spent in this place.
 E = Time spent auto-exploring this place.
 F = Levels seen in this place.
 G = Mean time per level.
                   A        B        C        D        E       F      G
               +--------+--------+--------+--------+--------+-----+--------+
         Total |    784 |    784 |      0 |    635 |      0 |   1 |  784.0 |
       Dungeon |    784 |    784 |      0 |    635 |      0 |   1 |  784.0 |
               +--------+--------+--------+--------+--------+-----+--------+

Top non-repeatable levels by time:
       D: 784 daAuts
